 Dungeon Crawl Stone Soup version 0.28-a0-1524-ge72afd5fc6 (webtiles) character file.

Game seed: 1561919087309132702

5679 Shayle the Covert (level 10, -4/70 HPs)
             Began as a Vampire Air Elementalist on Jan 17, 2022.
             Was an Initiate of Ashenzari.
             Slain by a wraith (8 damage)
             ... on level 10 of the Dungeon on Jan 18, 2022.
             The game lasted 00:48:31 (14426 turns).

Shayle the Covert (Vampire Air Elementalist)       Turns: 14426, Time: 00:48:32

Health: -4/70      AC: 11    Str:  7    XL:     10   Next: 47%
Magic:  20/20      EV: 14    Int: 21    God:    Ashenzari [......]
Gold:   373        SH:  0    Dex: 16    Spells: 16/23 levels left

rFire   . . .      SeeInvis +   y - +5 long sword
rCold   . . .      Faith    .   (no shield)
rNeg    . . .      Spirit   .   a - +0 robe
rPois   +          Reflect  .   r - +2 hat of the Cursed Desperation {Melee, Range} (curse)
rElec   .          Harm     .   c - +0 cloak
rCorr   .          Rampage  .   (no gloves)
Will    +....                   v - +1 pair of boots "Esecwas" {rPois}
Stlth   ++++......              F - amulet of the acrobat
HPRegen 0.41/turn               g - +4 ring of protection
MPRegen 0.17/turn               (no ring)

@: mighty, healing quickly
A: alive, fangs 3, see invisible, vampiric 2
a: Exsanguinate, Renounce Religion, Shatter the Chains


You were on level 10 of the Dungeon.
You worshipped Ashenzari.
Ashenzari was noncommittal.
You visited 3 branches of the dungeon, and saw 13 of its levels.

You collected 373 gold pieces.

Inventory:

Hand Weapons
 e - a +2 dagger of draining
 u - a +1 war axe of freezing
 x - a +2 vorpal hunting sling
 y - a +5 long sword (weapon)
 z - a +2 vorpal battleaxe
 E - a +5 dire flail
 G - a +2 vorpal mace
Missiles
 q - 3 boomerangs (quivered)
 s - a throwing net
Armour
 a - a +0 robe (worn)
 c - a +0 cloak (worn)
 l - a scarf of shadows
 r - the cursed +2 hat of the Cursed Desperation (worn) {Melee, Range}
   (You found it on level 6 of the Dungeon)

   It has a curse which improves the following skills: Melee Combat: Short
   Blades, Long Blades, Axes, Maces & Flails, Polearms, Staves and Unarmed
   Combat.
   Ranged Combat: Slings, Bows, Crossbows and Throwing.
 v - the +1 pair of boots "Esecwas" (worn) {rPois}
   (You found it on level 7 of the Dungeon)

   rPois:     It protects you from poison.
Jewellery
 g - a +4 ring of protection (left hand)
 w - a ring of willpower
 F - an amulet of the acrobat (around neck)
Wands
 b - a wand of iceblast (7)
 t - a wand of flame (19)
Scrolls
 d - 2 scrolls of magic mapping
 B - a scroll of vulnerability {unknown}
 D - 2 scrolls of identify
 H - a scroll of amnesia
Potions
 f - a potion of flight {unknown}
 h - a potion of lignification
 i - a potion of might
 j - a potion of mutation
 k - a potion of haste {unknown}
 m - 2 potions of brilliance
 n - a potion of attraction {unknown}
 p - 4 potions of resistance
 C - 6 potions of curing


   Skills:
 + Level 3.3 Fighting
 + Level 0.1(0.2) Throwing
 + Level 4.8 Dodging
 - Level 10.0 Stealth
 + Level 0.3(0.4) Unarmed Combat
 - Level 7.0 Spellcasting
 + Level 6.4 Conjurations
 - Level 8.0 Air Magic


You had 16 spell levels left.
You knew the following spells:

 Your Spells              Type           Power      Damage    Failure   Level
a - Shock                 Conj/Air       100%       1d9       1%          1
b - Airstrike             Air            20%        N/A       3%          4
c - Static Discharge      Conj/Air       37%        N/A       1%          2

Your spell library contained the following spells:

 Spells                   Type           Power      Damage    Failure   Level
 Swiftness                Air            41%        N/A       1%          3
 Dazzling Flash           Conj/Hex       40%        N/A       7%          3
 Slow                     Hex            28%        N/A       9%          1
 Confusing Touch          Hex            7%         N/A       26%         3
 Gell's Gravitas          Tloc           7%         N/A       26%         3
 Lesser Beckoning         Tloc           7%         N/A       26%         3
 Ozocubu's Armour         Ice            7%         N/A       26%         3
 Teleport Other           Tloc           7%         N/A       26%         3
 Vampiric Draining        Necr           7%         2d6       26%         3
 Silence                  Hex/Air        12%        N/A       43%         5
 Agony                    Necr           7%         N/A       94%         5
 Metabolic Englaciation   Hex/Ice        3%         N/A       94%         5
 Simulacrum               Ice/Necr       3%         N/A       100%        6


Dungeon Overview and Level Annotations

Branches:
Dungeon (11/15)            Temple (1/1) D:6            Lair (1/6) D:8
    Orc: D:9-12

Altars:
Ashenzari
Cheibriados
Dithmenos
Elyvilon
Fedhas
Gozag
Hepliaklqana
Kikubaaqudgha
Makhleb
Nemelex Xobeh
Okawaru
Qazlal
Ru
Sif Muna
Trog
Uskayaw
Vehumet
Wu Jian
Xom
Yredelemnul
Zin
The Shining One

Shops:
D:1 :   D:5 *   D:6 **

Annotations:
D:10 Harold, Maggie, Nergalle


Innate Abilities, Weirdness & Mutations

Your natural rate of healing is accelerated.
You have razor-sharp teeth.
You have supernaturally acute eyesight. (SInv)
You are afflicted with vampirism and can become a bat while bloodless.


Message History

The orc warrior hits you with a +0 flail.
The centaur warrior zombie hits you but does no damage.
The centaur warrior zombie barely misses you.
The orc warrior closely misses you.
You barely miss the orc warrior. The centaur warrior zombie hits you.
The centaur warrior zombie barely misses you.
The centaur warrior zombie hits you. The centaur warrior zombie kicks you.
The orc warrior hits you with a +0 flail!
Unknown command.
You slice the orc warrior!!
The orc warrior is heavily wounded.
The centaur warrior zombie closely misses you.
The centaur warrior zombie misses you. The orc warrior barely misses you.
The centaur warrior zombie hits you but does no damage.
The centaur warrior zombie kicks you but does no damage.
Unknown command.
You hit the orc warrior.
The orc warrior is severely wounded.
The orc warrior hits you with a +0 flail!
The centaur warrior zombie misses you.
The centaur warrior zombie barely misses you.
The orc warrior hits you with a +0 flail!
* * * LOW HITPOINT WARNING * * *
The centaur warrior zombie hits you but does no damage.
The centaur warrior zombie kicks you but does no damage.
You slash the orc warrior!
You kill the orc warrior!
The centaur warrior zombie hits you.
* * * LOW HITPOINT WARNING * * *
The centaur warrior zombie kicks you but does no damage.
The wraith completely misses you.
Your life force feels restored.
You slash the centaur warrior zombie! You punch the centaur warrior zombie.
You bite the centaur warrior zombie!
The centaur warrior zombie is severely damaged.
The centaur warrior zombie hits you but does no damage.
The centaur warrior zombie misses you. The centaur warrior zombie hits you!
* * * LOW HITPOINT WARNING * * *
The centaur warrior zombie misses you. The wraith hits you!
You die...

# #.# # #.# # #.#
# #.# # #.# # #.#
# ########.##### #
#>.........W.#
#####.####.#####@#
.......# #. #Z#
#####......# #.#
......@# #.#
.#.###.# #.# ##
.## .. ..# #.. .
### #.### #.#


You could see a wraith and a centaur warrior zombie.

Vanquished Creatures
  Joseph (D:7)
  2 shadows
  3 yaks
  A wraith (D:10)
  A steam dragon (D:8)
  A vampire mosquito (D:10)
  2 wargs (D:9)
  A water moccasin (D:7)
  3 ice beasts
  2 orc warriors
  A sky beast (D:5)
  A black bear (D:5)
  3 centaurs
  An ogre (D:4)
  A necrophage (D:5)
  A bullfrog (Lair:1)
  A kobold brigand (D:8)
  A wyvern zombie (D:8)
  3 scorpions
  A water moccasin zombie (D:5)
  2 killer bees (D:9)
  17 wights
  5 howler monkeys
  2 hounds (D:4)
  2 centaur zombies
  4 jellies
  2 bullfrog skeletons (D:5)
  2 gnoll shamans (D:6)
  3 orc priests
  7 orc wizards
  4 iguanas
  A hound skeleton (D:4)
  2 howler monkey zombies
  10 gnolls
  6 adders
  9 river rats (D:5)
  2 white imps (D:5)
  An ufetubus (D:3)
  2 worms
  2 dart slugs
  33 orcs
  11 ball pythons
  3 bats
  4 endoplasms
  3 giant cockroaches
  5 goblins
  2 hobgoblins
  4 jackals (D:5)
  16 kobolds
  13 quokkas
  2 frilled lizards (D:1)
  24 rats
236 creatures vanquished.

Vanquished Creatures (others)
  A fungus (Lair:1)
  7 plants
8 creatures vanquished.

Grand Total: 244 creatures vanquished

Notes
Turn   | Place    | Note
-------+----------+-------------------------------------------
     0 | D:1      | Shayle the Vampire Air Elementalist began the quest for the
                  | Orb.
     0 | D:1      | Reached XP level 1. HP: 13/13 MP: 3/3
   177 | D:1      | Reached skill level 4 in Stealth
   232 | D:1      | Reached XP level 2. HP: 19/19 MP: 1/5
   776 | D:1      | Reached skill level 5 in Stealth
   941 | D:1      | Found Dinoarui's Book Shoppe.
  1158 | D:2      | Gained mutation: You are afflicted with vampirism and can
                  | become a bat while bloodless. [Vampire growth]
  1158 | D:2      | Reached XP level 3. HP: 24/24 MP: 6/6
  1283 | D:2      | Found a faded altar of an unknown god.
  1329 | D:2      | You fall into a shaft and drop 1 floor!
  1431 | D:3      | Reached skill level 6 in Stealth
  2217 | D:4      | Noticed an ogre
  2217 | D:4      | Noticed a scorpion
  2231 | D:3      | Reached XP level 4. HP: 7/30 MP: 5/7
  2404 | D:3      | Reached skill level 7 in Stealth
  2547 | D:3      | Learned a level 4 spell: Airstrike
  2798 | D:3      | Reached skill level 8 in Stealth
  2798 | D:3      | Reached XP level 5. HP: 23/35 MP: 6/8
  3000 | D:4      | Reached skill level 9 in Stealth
  3459 | D:5      | Entered Level 5 of the Dungeon
  3467 | D:5      | Noticed a sky beast
  3718 | D:5      | Noticed a necrophage
  3857 | D:6      | Reached skill level 10 in Stealth
  3857 | D:6      | Reached XP level 6. HP: 41/41 MP: 3/9
  3921 | D:6      | Found Inept's General Store.
  4130 | D:5      | Reached skill level 1 in Conjurations
  4521 | D:4      | Reached XP level 7. HP: 37/46 MP: 7/11
  5244 | D:6      | Found a staircase to the Ecumenical Temple.
  5295 | Temple   | Entered the Ecumenical Temple
  5497 | Temple   | Became a worshipper of Ashenzari the Shackled
  5822 | D:6      | Found Xufeti's General Store.
  6419 | D:6      | Reached skill level 5 in Air Magic
  6419 | D:6      | Reached XP level 8. HP: 48/52 MP: 0/14
  6786 | D:7      | Found an ancient bone altar of Kikubaaqudgha.
  6794 | D:7      | Identified the +1 pair of boots "Esecwas" {rPois}
  7826 | D:7      | Reached skill level 5 in Spellcasting
  8557 | D:5      | Reached XP level 9. HP: 57/57 MP: 17/17
  9656 | D:7      | Noticed Joseph
  9887 | D:7      | Killed Joseph
 10224 | D:7      | Reached skill level 5 in Conjurations
 11624 | D:8      | Found a staircase to the Lair.
 11628 | Lair:1   | Entered Level 1 of the Lair of Beasts
 11631 | Lair:1   | Reached skill level 1 in Fighting
 11688 | Lair:1   | Noticed a cane toad
 11739 | D:9      | Reached XP level 10. HP: 65/65 MP: 11/20
 13454 | D:10     | Entered Level 10 of the Dungeon
 13535 | D:10     | Learned a level 2 spell: Static Discharge
 14176 | D:10     | Noticed Maggie
 14179 | D:10     | Noticed Nergalle
 14296 | D:11     | Noticed a gargoyle
 14354 | D:10     | Noticed Harold
 14426 | D:10     | Slain by a wraith

Illustrated notes

Levels and vault maps discovered:
D:1:      ncdulo_watergridlock, layout_basic, serial_shops,
          nicolae_shop_hallway_stairs, minmay_hexomino_p4
D:2:      layout_rooms, hellmonk_ecumenical_altar_arch_garden
D:3:      layout_basic
D:4:      layout_rooms, chequers_serial_rivers_micro_b
D:5:      lemuel_ratsnest, layout_basic
D:6:      layout_loops_cross, temple_pool_b, serial_shops, shop,
          nicolae_shop_statue_plus
D:7:      layout_layer_cave, nicolae_overflow_crystal_walls, uniq_joseph
D:8:      layout_basic, lair_entry_dummy
D:9:      lemuel_castle_with_subvaults [lemuel_castle_interior_carwin_3],
          layout_irregular_city, minmay_orc_entry_temple_small, uniq_psyche
D:10:     layout_loops_ring, uniq_maggie, uniq_nergalle, uniq_harold
D:11:     layout_roguey
Temple:   mainiacjoe_temple_archimedes_tessellation
Lair:1:   layout_roguey, nicolae_lair_liquid_snakes

Skill      XL: |  1  2  3  4  5  6  7  8  9 10 |
---------------+-------------------------------+-----
Stealth        | 4 5 6 8 10 | 10.0
Conjurations   | 1 3 4 5 6 |  6.4
Spellcasting   | 4 5 7 |  7.0
Air Magic      | 5 6 8 |  8.0
Fighting       | 1 3 |  3.3
Dodging        | 4 |  4.8
Throwing       | |  0.1
Unarmed Combat | |  0.3

Action                   |  1- 3 |  4- 6 |  7- 9 | 10-12 || total
-------------------------+-------+-------+-------+-------++-------
Melee: Dagger            |    86 |    62 |   306 |    35 ||   489
       Unarmed           |    19 |       |       |       ||    19
       Bite              |     7 |     6 |    42 |     8 ||    63
       Punch             |     1 |     2 |     7 |     4 ||    14
       Long sword        |       |       |       |    15 ||    15
       Battleaxe         |       |       |       |     4 ||     4
Throw: Boomerang         |       |     1 |       |       ||     1
 Cast: Shock             |    42 |    82 |    56 |       ||   180
       Airstrike         |       |       |    96 |    62 ||   158
Invok: Curse Item        |       |       |       |     1 ||     1
Evoke: Wand              |       |       |     8 |     1 ||     9
  Use: Scroll            |     4 |     7 |     3 |     5 ||    19
       Potion            |     2 |       |     3 |     2 ||     7
 Stab: Sleeping          |     6 |     1 |     4 |       ||    11
       Distracted        |       |       |     1 |       ||     1
Armor: Robe              |    37 |    29 |   100 |    45 ||   211
       Skin              |       |       |    31 |       ||    31
Dodge: Dodged            |    94 |    92 |   152 |   143 ||   481

Table legend: (Time is in decaauts)
 A = Elapsed time spent in this place.
 B = Non-inter-level travel time spent in this place.
 C = Inter-level travel time spent in this place.
 D = Time resting spent in this place.
 E = Time spent auto-exploring this place.
 F = Levels seen in this place.
 G = Mean time per level.
                   A        B        C        D        E       F      G
               +--------+--------+--------+--------+--------+-----+--------+
         Total |  14501 |  13827 |    674 |   4979 |   5209 |  13 | 1115.5 |
       Dungeon |  14197 |  13551 |    646 |   4935 |   5031 |  11 | 1290.6 |
        Temple |    230 |    202 |     28 |      0 |    173 |   1 |  230.0 |
          Lair |     72 |     72 |      0 |     44 |      5 |   1 |   72.0 |
               +--------+--------+--------+--------+--------+-----+--------+

Top non-repeatable levels by time:
     D:7: 2429 daAuts
     D:5: 1968 daAuts
     D:6: 1940 daAuts
     D:8: 1640 daAuts
     D:3: 1561 daAuts
     D:4: 1197 daAuts
     D:1: 1126 daAuts
    D:10: 882 daAuts
     D:9: 870 daAuts
     D:2: 462 daAuts
  Temple: 230 daAuts
    D:11: 119 daAuts
  Lair:1: 72 daAuts
